 Dungeon Crawl Stone Soup version 0.14.0-12-g87ee3b7 (webtiles) character file.

269 Helmschank the Shooter (level 5, -10/40 HPs)
             Began as a Centaur Hunter on Apr 16, 2014.
             Mangled by an ogre
             ... wielding a +0,+0 giant club
              (23 damage)
             ... on Level 4 of the Dungeon.
             The game lasted 00:19:09 (3090 turns).

Helmschank the Shooter (Centaur Hunter)             Turns: 3090, Time: 00:19:09

HP -10/40        AC  7     Str 15      XL: 5   Next: 27%
MP   4/4         EV  7     Int 10      God:
Gold 97          SH  0     Dex 10      Spells:  0 memorised,  4 levels left

rFire  . . .     SeeInvis .     a - +0 war axe
rCold  . . .     Clarity  .     C - +0 ring mail
rNeg   . . .     Conserve .     (no shield)
rPois  .         rCorr    .     (no helmet)
rElec  .         rRot     .     (no cloak)
SustAb . .       Spirit   .     t - +1 pair of gloves
rMut   .         Warding  .     (no barding)
Saprov . . .     Stasis   .     (no amulet)
MR     .....                    (no ring)
                                (no ring)

@: very quick, not resistant to hostile enchantments, extremely unstealthy
A: hooves 3, deformed body, herbivore 1, speed 2, fast metabolism 1, tough skin
3
a: no special abilities


You were on level 4 of the Dungeon.
You were hungry.

You visited 1 branch of the dungeon, and saw 4 of its levels.

You collected 97 gold pieces.

Inventory:

Hand weapons
 a - a +0,+0 war axe (weapon)
 q - a +0,+1 hand axe of freezing
 r - a +0,+0 short sword
 v - a +2,+1 short sword of draining
 w - a +1,+1 bow
Missiles
 c - 23 arrows
 l - 11 poisoned arrows
 y - a throwing net (quivered)
Armour
 t - a +1 pair of gloves (worn)
 C - a +0 ring mail (worn)
Comestibles
 f - 3 bread rations
 i - 2 apples
 s - 2 rotting chunks of orc flesh
 z - a choko
Scrolls
 b - 9 scrolls of identify {unknown}
 e - a scroll of recharging {unknown}
 g - 5 scrolls of remove curse {unknown}
 j - 2 scrolls of magic mapping {unknown}
 k - a scroll of enchant armour {unknown}
 m - 2 scrolls of teleportation {unknown}
 n - a scroll of immolation {unknown}
 p - a scroll of random uselessness {unknown}
 B - a scroll of enchant weapon I {unknown}
 Q - 3 scrolls of enchant weapon II {unknown}
Jewellery
 o - an uncursed ring of fire {unknown}
Potions
 h - 2 potions of curing {unknown}
 u - a potion of resistance {unknown}
 x - a potion of might {unknown}


   Skills:
 - Level 1.0 Fighting
 + Level 1.5 Axes
 * Level 7.6 Bows
 + Level 1.5 Armour
 - Level 1.3 Dodging
 - Level 0.5 Stealth


You had 4 spell levels left.
You didn't know any spells.

Dungeon Overview and Level Annotations

Branches:
Dungeon (4/15)
 Temple: D:4-7

Altars:


Innate Abilities, Weirdness & Mutations

You have hooves in place of feet.
Armour fits poorly on your strangely shaped body.
You digest meat inefficiently.
You cover ground very quickly.
You have a fast metabolism.
You have extremely tough skin (AC +3).


Message History

Press: ? - help, Shift-Dir - straight line, f/p - ogre
Aim: an ogre, wielding a giant club (heavily wounded)
You shoot an arrow. The arrow hits the ogre.
The ogre is heavily wounded.
Firing (i - inventory. (,) - cycle):
c - 24 arrows (quivered)
Press: ? - help, Shift-Dir - straight line, f/p - ogre
Aim: an ogre, wielding a giant club (heavily wounded)
You shoot an arrow. The arrow hits the ogre.
The ogre is severely wounded.
Wield which item (- for none, * to show all)? (? for menu, Esc to quit)
a - a +0,+0 war axe (weapon)
You hit the ogre.
The ogre is severely wounded.
The ogre hits you with a giant club!
Ouch! That really hurt!
You hit the ogre. Your kick misses the ogre.
The ogre is almost dead.
The ogre hits you with a giant club!
Ouch! That really hurt!
You die...

#(# #.#..>........ #.#
#.#.#.######.. #.#
#.#.#.######.. #.#####
#.#...........
######.....###.###'#######.
#..........'...#...........
##.###...(.#####...>......
#.# #....O...............
#.####....@...........###
#.#..'................+
#.#.##................#
##...#.................
#....#.##+########+###
##.#.#..#.########.#
#.#.#...........#.#
##.#.#..#.######.#.#########
#....#..#.##................


You could see an ogre.

Vanquished Creatures
  An orc priest (D:3)
  An orc wizard (D:3)
  4 adders (D:2)
  2 worms
  3 giant geckos
  5 orcs
  2 ball pythons
  5 bats
  5 giant cockroaches
  5 goblins
  7 hobgoblins
  7 jackals
  4 kobolds
  2 quokkas
  5 giant newts
  10 rats
68 creatures vanquished.

Notes
Turn   | Place    | Note
--------------------------------------------------------------
     0 | D:1      | Helmschank, the Centaur Hunter, began the quest for the Orb.
     0 | D:1      | Reached XP level 1. HP: 16/16 MP: 1/1
   175 | D:1      | Reached XP level 2. HP: 18/23 MP: 2/2
   294 | D:1      | Reached skill level 6 in Bows
   610 | D:1      | Reached XP level 3. HP: 10/28 MP: 3/3
  1194 | D:2      | Reached skill level 1 in Armour
  1441 | D:2      | Reached XP level 4. HP: 35/35 MP: 3/3
  1985 | D:3      | Reached skill level 7 in Bows
  2451 | D:3      | Reached skill level 1 in Axes
  2495 | D:3      | Reached XP level 5. HP: 40/40 MP: 4/4
  3050 | D:4      | Noticed an ogre
  3090 | D:4      | Mangled by an ogre

Action                   |  1- 3 |  4- 6 || total
-------------------------+-------+-------++-------
Melee: Short sword       |    42 |       ||    42
       Hand axe          |    39 |    59 ||    98
       War axe           |       |     9 ||     9
 Fire: Bow               |    53 |    36 ||    89
